Zazza, neutral female human Tourist --------- |.......| |.......| |.......| # -----|--- ---------- -------- # |........-# |......| # |........|# ################# #.......| # |........|# -.----- #|...>..| ## ##.........|# |.....-# #-------- ----.------ # ----------# -..{.^|# # |.........-#### # |.....|# # |...`....<| # ##......|#:######## # |.........| # # ---.---@Z# --.-+-# ----------- # -------- ### ##### # |....|# ### |......| # ###|.{..|# # |.......##### #......# ##-......| ---+-- -------- # Zazza the Rambler Experience level: 1 Strength: 11 Dexterity: 9 Constitution: 14 Intelligence: 15 Wisdom: 8 Charisma: 18 Health: 0(10) Energy: 2(2) Def: 3 Gold: 821 Moves: 994 Dungeon seed: l9r0DPk5z7JLVuxA Game ID: Zazza_1597910089 Your Inventory: Coins $ - 821 gold pieces Weapons a - 36 +2 darts (in quiver) p - a +0 orcish dagger (weapon in hand) Armor e - an uncursed +0 Hawaiian shirt (being worn) q - an uncursed +0 leather armor (being worn) r - an uncursed +0 orcish helm (being worn) Comestibles b - 4 uncursed tripe rations c - an uncursed melon d - an uncursed egg g - 2 uncursed slime molds h - an uncursed fortune cookie o - 2 uncursed lichen corpses v - 5 uncursed food rations w - an uncursed cram ration x - an uncursed candy bar z - 2 uncursed slime molds A - an uncursed tripe ration B - 2 uncursed eggs C - an uncursed orange D - 3 uncursed food rations Scrolls l - 2 uncursed scrolls of magic mapping Potions i - a blessed potion of extra healing j - an uncursed potion of extra healing t - 2 uncursed potions of fruit juice u - a potion of holy water Rings s - a cursed ring of poison resistance (on left hand) Tools m - an expensive camera (0:63) n - an uncursed credit card Spells and supernatural/magical abilities: Name Level Category Fail Memory W - pray for help -- divine ? -- Your skills at the end: Fighting Skills Weapon Skills dart [Basic] Spellcasting Skills Final Attributes: You were aligned. You were poison resistant. You are dead. Vanquished creatures: a brown mold 2 geckos a jackal 2 goblins 2 sewer rats 4 grid bugs 4 lichens 2 newts 18 creatures vanquished. Voluntary challenges: You were an atheist. You used a wielded weapon 4 times, starting on turn 543. You read items or engraved 2 times, starting on turn 234. You never genocided any monsters. You never polymorphed an object. You never changed form. You used no wishes. You never split a pudding. You never wrote Elbereth's name. You never violated your personal moral code. Dungeon overview: The Dungeons of Doom: levels 1 to 3 Level 1 a long staircase Level 2 a fountain Level 3 <- You were here a delicatessen, some fountains History has recorded: On T:1 you entered the Dungeons of Doom to retrieve the Amulet of Yendor! On T:312 you reached level 2 of The Dungeons of Doom. On T:697 you reached level 3 of The Dungeons of Doom. Score breakdown: Gold: 259 ( 8214 points) Experience: 1 level ( 0 points) Exploration: 3 levels ( 6.12%) ( 6123 points) Discoveries: 0 items ( 0.00%) ( 0 points) Valuables value: (no points given unless you survive) Artifact value: 0 ( 0 points) Variety of kills: 8 monsters ( 2.10%) ( 4347 points) Turncount: 994 turns ( 0 points) Survival: died (score multiplied by 80%) Total score: 14947 Latest messages: The gecko misses Armand. Armand misses the gecko. (2x) Armand bites the gecko. You displace Armand. You stop. Armand is in the way! The gecko just misses! You hit the gecko. You stop. Armand is in the way! You displace Armand. The gecko bites! You hit the gecko. Armand bites the gecko. The gecko is killed! You displace Armand. You stop. Armand is in the way! Armand bites the gecko. The gecko is killed! Armand suddenly falls asleep! The gecko bites! You miss the gecko. The gecko bites! (2x) You are beginning to feel hungry. The gecko bites! You hear some noises. The gecko bites! You die... Final status: Aloha Zazza the Tourist, killed by a gecko... You died in The Dungeons of Doom on dungeon level 3 with 14947 points, and 821 pieces of gold, after 994 moves. You were level 1 with a maximum of 10 hit points when you died.